 Dungeon Sprint DCSS version 0.21.2 (webtiles) character file.

13979 Fang the Severer (level 12, -6/130 HPs)
             Began as a Gargoyle Berserker on Sept 27, 2018.
             Was the Champion of Trog.
             Engulfed by Ethocateyp the pandemonium lord's freezing vapour (16 damage)
             ... in the Dungeon (Sprint VII: "The Pits").
             The game lasted 00:07:43 (3237 turns).

Fang the Severer (Gargoyle Berserker)               Turns: 3237, Time: 00:07:44

Health: -6/130     AC: 26    Str: 35    XL:     12   Next: 11%
Magic:  8/12       EV: 14    Int: 14    God:    Trog [******]
Gold:   44         SH:  0    Dex:  9    Spells: 11/11 levels left

rFire    . . .     SeeInvis .   u - +0 executioner's axe of the Owl {distort, Str+4}
rCold    . . .     Gourm    .   (shield currently unavailable)
rNeg     + + .     Faith    .   o - +2 plate armour
rPois    ∞         Spirit   .   (no helmet)
rElec    +         Reflect  .   (no cloak)
rCorr    .         Harm     .   (no gloves)
MR       +....     NoTele   +   (no boots)
Stlth    ..........             (no amulet)
HPRegen  0.31/turn              r - +3 ring of evasion
MPRegen  0.13/turn              y - ring of the Harvest {rN+ Int+4 Slay+4}

@: berserking, frozen, very quick
A: clever 1, magic resistance 1, negative energy resistance 1, electricity
resistance, unbreathing, petrification resistance, rot immunity, AC +8
a: Berserk, Trog's Hand, Brothers in Arms, Burn Spellbooks, Renounce Religion


You were in the Dungeon.
You worshipped Trog.
Trog was exalted by your worship.
You were not hungry.

You visited 1 branch You collected 44 gold pieces.

Inventory:

Hand Weapons
 j - a +3 war axe of chopping
 n - a +2 executioner's axe of freezing
 p - a +2 battleaxe of freezing
 q - a +5 battleaxe of electrocution
 u - the +0 executioner's axe of the Owl (weapon) {distort, Str+4}
   (Trog gifted it to you in the Dungeon)

   It warps and distorts space around it.
   Unwielding it can cause banishment or high damage.
   It affects your strength (+4).
Missiles
 m - 13 javelins of penetration (quivered)
Armour
 b - a +0 animal skin
 o - a +2 plate armour (worn)
Jewellery
 r - a +3 ring of evasion (left hand)
 t - a +3 ring of evasion
 y - the ring of the Harvest (right hand) {rN+ Int+4 Slay+4}
   (You found it in the Dungeon)

   [ring of positive energy]

   It affects your intelligence (+4).
   It affects your accuracy and damage with ranged weapons and melee attacks
   (+4).
   It protects you from negative energy.
 A - an uncursed ring of positive energy
Scrolls
 i - 3 scrolls of blinking
 k - 3 scrolls of remove curse
 l - a scroll of summoning
 v - 5 scrolls of enchant weapon
 w - a scroll of fog
 x - 6 scrolls of identify
Potions
 a - 2 potions of invisibility
 d - 11 potions of curing
 e - 8 potions of heal wounds
 f - 4 potions of haste
 g - 5 potions of magic
 h - 6 potions of berserk rage
 s - 3 potions of agility
 z - a potion of ambrosia
Comestibles
 c - 7 rations


   Skills:
 + Level 15.1 Fighting
 + Level 19.4 Axes
 + Level 13.0 Armour
 + Level 6.2 Dodging
 + Level 3.8 Stealth


You had 11 spell levels left.
You didn't know any spells.

Dungeon Overview and Level Annotations

Branches:
Dungeon (1/1)

Altars:
Ashenzari
Cheibriados
Dithmenos
Elyvilon
Fedhas
Gozag
Hepliaklqana
Kikubaaqudgha
Makhleb
Nemelex Xobeh
Okawaru
Qazlal
Ru
Sif Muna
Trog
Uskayaw
Vehumet
Wu Jian
Xom
Yredelemnul
Zin
The Shining One
Beogh
Jiyva
Lugonu


Innate Abilities, Weirdness & Mutations

You are resistant to torment.
Your stone body is resilient. (AC +8)
You are immune to poison.
You resist negative energy. (rN+)
You are resistant to electric shocks. (rElec)
You can survive without breathing.
You are immune to petrification.
You are immune to rotting.
Your mind is acute. (Int +2)
You are resistant to hostile enchantments. (MR+)


Message History

* * * LOW HITPOINT WARNING * * *
The fire dragon bites the elf shaped block of ice but does no damage.
The fire dragon claws the elf shaped block of ice!
The fire dragon tramples the elf shaped block of ice but does no damage.
Ethocateyp hits the elf shaped block of ice!!
The elf shaped block of ice is destroyed!
Your cyclops is engulfed in freezing vapours.
Your cyclops dies!
Your cyclops's corpse disappears in a puff of smoke!
You are too injured to fight recklessly!
Unknown command.
You are too injured to fight recklessly!
Unknown command.
You are too injured to fight recklessly!
Unknown command.
Okay, then.
You are too berserk!
You feel a strong urge to attack something.
You are engulfed in freezing vapours.
You die... #+# ##V## #ce2# D&L

#§#
#@#
#§#
#§#
#§#
#§#
#.#
#'#
#.#
#'#


You could see Ethocateyp, an ancient lich, a cacodemon, a fire dragon, a deep
elf high priest, a yaktaur and a vampire.

Vanquished Creatures
  A ghost moth (D)
  A green death (D)
  A hydra (D)
  A shadow wraith (D)
  A sixfirhy (D)
  A flayed ghost (D)
  A deep elf mage (D)
  2 cyclopes (D)
  A spiny frog (D)
  2 molten gargoyles (D)
  A demonic crawler (D)
  2 ice devils (D)
  A hellwing (D)
  A blink frog (D)
  A hippogriff (D)
  A flying skull (D)
  2 redbacks (D)
  2 fire bats (D)
  5 yaks (D)
  A chaos spawn (D)
  A steam dragon (D)
  3 insubstantial wisps (D)
  A floating eye (D)
  An ice beast (D)
  A necrophage (D)
  An eye of draining (D)
  2 centaurs (D)
  A crocodile (D)
  A bullfrog (D)
  A gnoll sergeant (D)
  A quasit (D)
  A jelly (D)
  2 hounds (D)
  An iron imp (D)
  A hell rat (D)
  2 mummies (D)
  5 gnolls (D)
  A white imp (D)
  An ufetubus (D)
  An ooze (D)
  An adder zombie (D)
  A worm (D)
  An adder simulacrum (D)
  2 hobgoblins (D)
  3 jackals (D)
  A quokka (D)
  3 bats (D)
70 creatures vanquished.

Vanquished Creatures (collateral kills)
  Urug (D)
  Sonja (D)
  A cyclops (D)
  An elephant (D)
  A spiny frog (D)
  An ice devil (D)
  A hornet (D)
  A polar bear (D)
  A flying skull (D)
  A ynoxinul (D)
  A wyvern (D)
  A black bear (D)
  Blork the orc (D)
  A hound (D)
  An iguana (D)
15 creatures vanquished.

Vanquished Creatures (others)
  A deep elf sorcerer (D)
  A lindwurm (D)
  A bog body (D)
  A spriggan (D)
  An insubstantial wisp (D)
  A block of ice (D)
6 creatures vanquished.

Grand Total: 91 creatures vanquished

Notes
Turn   | Place    | Note
-------+----------+-------------------------------------------
     0 | D        | Fang the Gargoyle Berserker began the quest for the Orb.
     0 | D        | Reached XP level 1. HP: 14/14 MP: 1/1
    15 | D        | Reached skill level 3 in Axes
    22 | D        | Found a bloodstained altar of Trog.
    22 | D        | Found a deep blue altar of Sif Muna.
    22 | D        | Found a viscous altar of Jiyva.
    22 | D        | Found a hazy altar of Hepliaklqana.
    22 | D        | Found an opulent altar of Gozag.
    23 | D        | Found a glowing golden altar of the Shining One.
    23 | D        | Found a glowing silver altar of Zin.
    23 | D        | Found a basalt altar of Yredelemnul.
    23 | D        | Found a shimmering altar of Xom.
    23 | D        | Found an ornate altar of the Wu Jian Council.
    23 | D        | Found a sacrificial altar of Ru.
    23 | D        | Found a stormy altar of Qazlal.
    23 | D        | Found an iron altar of Okawaru.
    23 | D        | Found a sparkling altar of Nemelex Xobeh.
    23 | D        | Found a burning altar of Makhleb.
    23 | D        | Found a blossoming altar of Fedhas.
    23 | D        | Found a white marble altar of Elyvilon.
    23 | D        | Found a shadowy altar of Dithmenos.
    23 | D        | Found a snail-covered altar of Cheibriados.
    25 | D        | Found a radiant altar of Vehumet.
    25 | D        | Found a corrupted altar of Lugonu.
    25 | D        | Found a roughly hewn altar of Beogh.
    65 | D        | Reached ** piety under Trog
    65 | D        | Reached XP level 2. HP: 16/20 MP: 2/2
   146 | D        | Reached *** piety under Trog
   146 | D        | Reached skill level 4 in Axes
   438 | D        | Reached XP level 3. HP: 25/25 MP: 3/3
   439 | D        | Reached **** piety under Trog
   439 | D        | Received a gift from Trog
   441 | D        | Reached skill level 5 in Fighting
   441 | D        | Reached skill level 5 in Axes
   557 | D        | Noticed a fire bat
   572 | D        | Reached XP level 4. HP: 30/32 MP: 4/4
   573 | D        | Killed a fire bat
   573 | D        | Reached skill level 7 in Axes
   573 | D        | Reached skill level 1 in Stealth
   573 | D        | Reached XP level 5. HP: 36/38 MP: 5/5
   577 | D        | Received a gift from Trog
   582 | D        | Reached skill level 8 in Axes
   582 | D        | Reached XP level 6. HP: 40/44 MP: 6/6
   583 | D        | Noticed an ice beast
   595 | D        | Killed an ice beast
   595 | D        | Reached skill level 9 in Axes
   601 | D        | Noticed a flying skull
   608 | D        | Killed a flying skull
   608 | D        | Received a gift from Trog
   608 | D        | Reached skill level 5 in Armour
   608 | D        | Reached skill level 5 in Dodging
   608 | D        | Reached XP level 7. HP: 19/51 MP: 7/7
   828 | D        | Reached skill level 10 in Axes
   835 | D        | Noticed a blink frog
  1011 | D        | Killed a blink frog
  1011 | D        | Reached ***** piety under Trog
  1020 | D        | Noticed a fire bat
  1032 | D        | Reached skill level 11 in Axes
  1032 | D        | Reached XP level 8. HP: 57/57 MP: 8/8
  1049 | D        | Received a gift from Trog
  1049 | D        | Reached skill level 10 in Fighting
  1057 | D        | Noticed a redback
  1057 | D        | Noticed an ice devil
  1066 | D        | Killed a redback
  1070 | D        | Killed an ice devil
  1070 | D        | Reached skill level 12 in Axes
  1234 | D        | Gained mutation: You are resistant to hostile enchantments. (MR+) [potion of mutation]
  1234 | D        | Gained mutation: Your mind is acute. (Int +2) [potion of mutation]
  1278 | D        | Found a hide-covered altar of Uskayaw.
  1278 | D        | Found an ancient bone altar of Kikubaaqudgha.
  1278 | D        | Found a shattered altar of Ashenzari.
  1308 | D        | Noticed a sixfirhy
  1308 | D        | Noticed a hippogriff
  1310 | D        | Noticed a spiny frog
  1314 | D        | Killed a hippogriff
  1314 | D        | Reached XP level 9. HP: 60/64 MP: 9/9
  1318 | D        | Killed a spiny frog
  1318 | D        | Reached skill level 13 in Axes
  1323 | D        | Killed a sixfirhy
  1323 | D        | Reached ****** piety under Trog
  1323 | D        | Reached skill level 14 in Axes
  1325 | D        | Noticed a cyclops
  1325 | D        | Noticed a hornet
  1331 | D        | Killed a hornet
  1331 | D        | Received a gift from Trog
  1332 | D        | Killed a cyclops
  1497 | D        | Noticed a molten gargoyle
  1499 | D        | Noticed a flayed ghost
  1504 | D        | Killed a flayed ghost
  1504 | D        | Reached XP level 10. HP: 72/72 MP: 10/10
  1507 | D        | Killed a molten gargoyle
  1507 | D        | Reached skill level 15 in Axes
  1573 | D        | Reached skill level 10 in Armour
  1578 | D        | Killed a shadow wraith
  1580 | D        | Received a gift from Trog
  1587 | D        | Got an ancient executioner's axe {god gift}
  1588 | D        | Identified the +0 executioner's axe of the Owl {distort, Str+4} (Trog gifted it to you in the Dungeon)
  1957 | D        | Noticed a deep elf mage
  1970 | D        | Killed a deep elf mage
  1970 | D        | Reached skill level 16 in Axes
  1977 | D        | Received a gift from Trog
  2120 | D        | Noticed Blork the orc
  2121 | D        | Noticed an elephant
  2122 | D        | Noticed Urug
  2122 | D        | Noticed Sonja
  2124 | D        | Noticed a spiny frog
  2132 | D        | Killed an elephant
  2132 | D        | Received a gift from Trog
  2132 | D        | Reached XP level 11. HP: 78/78 MP: 11/11
  2136 | D        | Killed Sonja
  2138 | D        | Reached skill level 17 in Axes
  2143 | D        | Killed Urug
  2145 | D        | Killed Blork the orc
  2147 | D        | Received a gift from Trog
  2313 | D        | Got the ring of the Harvest {rN+ Int+4 Slay+4}
  2454 | D        | Noticed a four-headed hydra
  2467 | D        | Killed a nine-headed hydra
  2544 | D        | Noticed a lindwurm
  2552 | D        | Banished a lindwurm
  2552 | D        | Reached skill level 18 in Axes
  2646 | D        | Noticed a cyclops
  2657 | D        | Killed a cyclops
  2657 | D        | Received a gift from Trog
  2829 | D        | Noticed a cyclops
  2842 | D        | Killed a cyclops
  2899 | D        | Noticed a red draconian shifter
  2905 | D        | Banished a red draconian shifter
  2935 | D        | Noticed a green death
  2943 | D        | Killed a green death
  2943 | D        | Reached skill level 19 in Axes
  3067 | D        | Noticed a quicksilver dragon
  3188 | D        | Killed a ghost moth
  3188 | D        | Received a gift from Trog
  3188 | D        | Reached skill level 15 in Fighting
  3188 | D        | Reached XP level 12. HP: 87/87 MP: 0/12
  3234 | D        | Noticed an ancient lich
  3234 | D        | Noticed a cacodemon
  3234 | D        | Noticed a fire dragon
  3234 | D        | Noticed Ethocateyp the pandemonium lord
  3234 | D        | Noticed a deep elf sorcerer
  3234 | D        | Noticed a deep elf high priest
  3235 | D        | Killed a deep elf sorcerer
  3237 | D        | Engulfed by Ethocateyp the pandemonium lord's freezing vapour

Skill      XL: |  1  2  3  4  5  6  7  8  9 10 11 |
---------------+----------------------------------+-----
Fighting       | 4 5 7 9 11 12 13 15 | 15.1
Axes           | 3 4 5 7 8 9 11 12 14 16 19 | 19.4
Dodging        | 2 4 5 6 |  6.2
Armour         | 3 4 5 6 7 9 11 13 | 13.0
Stealth        | 1 2 3 |  3.8

Action                   |  1- 3 |  4- 6 |  7- 9 | 10-12 || total
-------------------------+-------+-------+-------+-------++-------
Melee: Hand axe          |    39 |    21 |    47 |       ||   107
       Battleaxe         |       |       |    35 |    15 ||    50
       Executioner's axe |       |       |       |    97 ||    97
Invok: Berserk           |     2 |     1 |     3 |     8 ||    14
       Brothers in Arms  |       |       |     1 |     2 ||     3
  Use: Potion            |       |       |     1 |       ||     1
  Eat: Ration            |       |       |     1 |     2 ||     3
       Chunk             |       |       |     4 |     8 ||    12
Armor: Animal skin       |     9 |       |       |       ||     9
       Plate armour      |    10 |    19 |    75 |    76 ||   180
Dodge: Dodged            |    38 |     4 |    59 |    80 ||   181
